 Dungeon Crawl Stone Soup version 0.14-a0-2400-gb2944a8 (webtiles) character file.

380 Jenx the Cudgeler (level 6, -7/37 HPs)
             Began as a Gargoyle Berserker on Feb 3, 2014.
             Was a Priest of Trog.
             Killed by divine providence
             ... invoked by an orc priest
              (14 damage)
             ... on Level 3 of the Dungeon.
             The game lasted 00:07:24 (1874 turns).

Jenx the Cudgeler (Gargoyle Berserker)              Turns: 1874, Time: 00:07:25

HP  -7/37        AC 16     Str 21      XL: 6   Next: 30%
MP   8/8         EV  9     Int  7      God: Trog [***...]
Gold 93          SH  0     Dex 14      Spells:  0 memorised,  5 levels left

rFire  . . .     SeeInvis +     a - +0,+1 orc flail
rCold  . . .     Clarity  .     f - +2 dwarf scale mail
rNeg   + . .     Conserve .     (no shield)
rPois  +         rCorr    .     r - +0 helmet
rElec  +         rRot     +     B - +1 dwarf cloak
SustAb . .       Spirit   .     (no gloves)
rMut   .         Warding  .     (no boots)
Saprov . . .     Stasis   .     (no amulet)
MR     ++...                    o - +3 ring of dexterity
                                w - ring of see invisible

@: regenerating, very resistant to hostile enchantments, extremely unstealthy
A: life protection 1, electricity resistance, unbreathing, petrification
resistance, AC +4
a: Burn Spellbooks, Berserk, Trog's Hand, Renounce Religion


You were on level 3 of the Dungeon.
You worshipped Trog.
Trog was most pleased with you.
You were not hungry.

You visited 1 branch of the dungeon, and saw 3 of its levels.

You collected 93 gold pieces.

Inventory:

Hand weapons
 a - a +0,+1 orcish flail (weapon)
 b - a +0 blowgun
 A - a +3,+1 dwarven mace
Missiles
 m - 6 tomahawks (quivered)
 z - 16 poisoned needles
Armour
 f - a +2 dwarven scale mail (worn)
 r - a +0 helmet (worn)
 B - a +1 dwarven cloak (worn)
Magical devices
 C - a wand of flame (4)
Comestibles
 c - 2 bread rations
 n - 2 meat rations
 x - a honeycomb
 y - an apple
Scrolls
 d - 2 scrolls of identify
 e - a scroll of magic mapping
 i - 2 scrolls of teleportation {unknown}
 j - a scroll of enchant armour {unknown}
 l - a scroll of enchant weapon II {unknown}
 q - a scroll of curse weapon {unknown}
 s - a scroll of enchant weapon I {unknown}
 v - a scroll of recharging {unknown}
 D - a scroll of fear {unknown}
Jewellery
 g - an uncursed ring of invisibility
 o - a +3 ring of dexterity (right hand)
 p - an uncursed amulet of stasis
 w - a ring of see invisible (left hand)
Potions
 h - a potion of paralysis {unknown}
 k - a potion of beneficial mutation {unknown}
 t - a potion of cure mutation {unknown}
 u - a potion of curing {unknown}
 E - a potion of flight {unknown}


   Skills:
 - Level 3.2 Fighting
 * Level 6.7 Maces & Flails
 - Level 2.1 Armour
 - Level 1.5 Dodging
 - Level 2.7 Evocations


You had 5 spell levels left.
You didn't know any spells.

Dungeon Overview and Level Annotations

Branches:
Dungeon (3/16)

Altars:


Innate Abilities, Weirdness & Mutations

You are resistant to torment.
You are immune to poison.
Your stone body is very resilient (AC +4).
You resist negative energy.
You are resistant to electric shocks.
You can survive without breathing.
You are immune to petrification.


Message History

There are monsters nearby!
You barely miss the orc priest.
The orc priest hits you with an orcish short sword.
You hit the orc priest but do no damage.
The orc priest mumbles some strange prayers to Beogh against you.
Something smites you!
The orc priest invokes the aid of Beogh against you.
Something smites you!
* * * LOW HITPOINT WARNING * * *
You hit the orc but do no damage.
Unknown command.
Drink which item? (? for menu, Esc to quit)
Okay, then.
Use which ability? (? or * to list)
Your skin crawls.
You feel resistant to hostile enchantments.
You feel slightly more hungry.
The orc priest calls down the wrath of Beogh upon you.
Something smites you!
You die...

*.* #.# ##.# #.*
#.# #... #.* #.#
#..# #.* #######.#
#..# #o* #.>...#.#
#..# #o* #.###.#.#
#..# #.* #.# #.#.#
#... #o####.###.#.#
#.#.
#o@..........###...
######.###.........
#.#*#########.
#..,,,,,,,,*#.
####******,*#.
*,*## *********,###
*,,,,,,,,,#..
*,********#..


You could see 3 orc priests and an orc.

Vanquished Creatures
  An orc priest (D:3)
  3 orc wizards (D:3)
  An iguana (D:3)
  A scorpion (D:3)
  Jessica (D:3)
  4 adders
  A worm (D:2)
  A giant mite (D:1)
  A giant gecko (D:3)
  An ooze (D:3)
  3 orcs (D:3)
  3 ball pythons
  5 bats
  7 goblins
  8 hobgoblins
  2 jackals (D:2)
  A quokka (D:2)
  2 giant cockroaches
  3 giant newts
  7 kobolds
  8 rats
64 creatures vanquished.

Notes
Turn   | Place    | Note
--------------------------------------------------------------
     0 | D:1      | Jenx, the Gargoyle Berserker, began the quest for the Orb.
     0 | D:1      | Reached XP level 1. HP: 14/14 MP: 1/1
    67 | D:1      | Reached XP level 2. HP: 13/19 MP: 2/2
    83 | D:1      | Reached skill level 4 in Maces & Flails
   534 | D:1      | Reached XP level 3. HP: 19/23 MP: 3/3
   632 | D:2      | Acquired Trog's second power
   997 | D:2      | Reached skill level 1 in Evocations
  1159 | D:2      | Reached skill level 5 in Maces & Flails
  1159 | D:2      | Reached XP level 4. HP: 28/28 MP: 4/4
  1495 | D:3      | Reached XP level 5. HP: 29/32 MP: 4/6
  1501 | D:3      | Reached skill level 6 in Maces & Flails
  1633 | D:3      | Reached XP level 6. HP: 37/37 MP: 6/8
  1643 | D:3      | Noticed Jessica
  1655 | D:3      | Killed Jessica
  1874 | D:3      | Killed from afar by an orc priest

Action                   |  1- 3 |  4- 6 || total
-------------------------+-------+-------++-------
Melee: Mace              |   106 |    49 ||   155
       Flail             |       |    36 ||    36
Throw: Tomahawk          |     1 |     5 ||     6
Invok: Trog's Hand       |       |     2 ||     2
       Berserk           |       |     1 ||     1
  Use: Scroll            |       |     3 ||     3
